AoeStats
← Duke Skellington

Golden Pit

507189406Analyzed
1v1 RM · 14d ago on Sep 17, 2026· 35m 2s· 2 players
Game mode
Random Map
Map size
Tiny (2 player)
Population
200
Speed
Normal
Resources
Standard
Victory
Conquest
Starting age
Dark Age
Ending age
Imperial Age
RankedLock teamsTeams togetherTeam positionsShared explorationLock speedFull tech treeHidden civsTurbo modeCheats
Victory
Defeat
🇦🇺 Franks · Australia
506
+17
🇵🇦 Mongols · Panama
537
-17
Duke Skellington
1:09 Loom
12:30 Feudal Age
13:11 Double-Bit Axe
15:14 Wheelbarrow
20:58 Castle Age
18:51 Stone Mining
21:36 Gold Mining
22:19 Fletching
22:55 Hand Cart
34:54 Imperial Age
35:11 Murder Holes
35:28 Masonry
35:17 Bodkin Arrow
bbartels16
5:26 Loom
11:36 Feudal Age
12:20 Double-Bit Axe
12:30 Horse Collar
19:08 Castle Age
20:06 Husbandry
21:19 Gold Mining
26:05 Forging
26:27 Bloodlines
30:20 Town Watch
34:57 Bow Saw
Connection lost

Rejoining the realm…

Still unreachable

The connection could not be restored.

Session expired

The server has moved on; the page needs a fresh start.